 Dungeon Crawl Stone Soup version 0.30-a0-1074-g5db6f66fbb (webtiles) character file.

Game seed: 4744261989528817731

151 Arzdou the Cudgeller (level 5, -6/33 HPs)
             Began as a Gargoyle Fighter on Apr 13, 2023.
             Mangled by a freezing wraith (8 damage)
             ... on level 1 of the Abyss.
             The game lasted 00:04:25 (2642 turns).

Arzdou the Cudgeller (Gargoyle Fighter)             Turns: 2642, Time: 00:04:26

Health: -6/33      AC: 21    Str: 22    XL:     5   Next: 33%
Magic:  5/5        EV:  6    Int:  8    God:
Gold:   164        SH:  4    Dex:  9    Spells: 4/4 levels left

rFire   . . .      SeeInvis .    a - +0 flail
rCold   . . .      Faith    .    c - +0 buckler
rNeg    + . .      Spirit   .    e - +0 plate armour
rPois   ∞          Reflect  .    (no helmet)
rElec   +          Rampage  .    d - +2 cloak
rCorr   .                        (no gloves)
Will    .....                    p - +1 pair of boots Stlth
                                 (no amulet)
HPRegen 0.25/turn                (no ring)
MPRegen 0.09/turn                (no ring)

@: unable to read
A: sickness immunity, AC +4, negative energy resistance 1, electricity
resistance, torment resistance 1, petrification resistance, [screaming 2],
[inability to read after injury 2]
a: no special abilities


You were on level 1 of the Abyss.
You visited 1 branch of the dungeon, and saw 3 of its levels.
You visited the Abyss 1 time.

You collected 164 gold pieces.

Inventory:

Hand Weapons
 a - a +0 flail (weapon)
Armour
 b - a +0 scale mail
 c - a +0 buckler (worn)
 d - a +2 cloak (worn)
 e - a +0 plate armour (worn)
 p - a +1 pair of boots (worn)
Scrolls
 i - a scroll of vulnerability {unknown}
 k - a scroll of brand weapon {unknown}
 l - a scroll of identify {unknown}
 n - a scroll of fear {unknown}
 o - a scroll of fog {unknown}
 q - 2 scrolls of torment {unknown}
 r - a scroll of immolation {unknown}
 t - a scroll of acquirement {unknown}
Potions
 f - 3 potions of curing {unknown}
 g - a potion of attraction {unknown}
 h - a potion of flight {unknown}
 j - 2 potions of resistance
 m - a potion of degeneration {unknown}
 s - 2 potions of haste {unknown}
 u - a potion of magic {unknown}


   Skills:
 + Level 3.9 Fighting
 * Level 4.1 Maces & Flails
 + Level 3.9 Armour
 + Level 3.8 Shields


You had 4 spell levels left.
You didn't know any spells.
Your spell library contained the following spells:

 Spells                   Type           Power      Damage    Failure   Level
 Ensorcelled Hibernation  Hex/Ice        0%         N/A       100%        2
 Passwall                 Tmut/Erth      0%         N/A       100%        2
 Swiftness                Air            0%         N/A       100%        3


Dungeon Overview and Level Annotations

Branches:
Dungeon (3/15)

Altars:
Yredelemnul
Lugonu

Portals:
Abyss: D:3


Innate Abilities, Weirdness & Mutations

You are immune to sickness and miasma.
Your stone body is resilient. (AC +4)
You are immune to poison.
You resist negative energy. (rN+)
You are resistant to electric shocks. (rElec)
You are resistant to unholy torment.
You are immune to petrification.
[You frequently scream uncontrollably at your foes.]
[You sometimes lose the ability to read scrolls when taking damage.]


Message History

You block the small abomination's attack.
The small abomination attacks as you move away!
The small abomination hits you but does no damage.
The small abomination hits you!
The small abomination hits you but does no damage.
You block the small abomination's attack.
The small abomination attacks as you move away!
The small abomination hits you but does no damage. x2
The small abomination hits you but does no damage.
The small abomination hits you but does no damage.
The small abomination attacks as you move away!
The small abomination barely misses you.
The small abomination completely misses you.
The small abomination attacks as you move away!
The small abomination hits you but does no damage.
A wretched star comes into view.
The small abomination attacks as you move away!
The small abomination hits you! The small abomination hits you.
The small abomination attacks as you move away!
The small abomination hits you but does no damage.
The small abomination attacks as you move away!
The small abomination closely misses you.
The wretched star pulses with an eldritch light!
You occasionally lose the ability to read scrolls when taking damage.
You lose the ability to read scrolls when taking damage more often.
You feel the urge to shout.
You feel a strong urge to scream.
A freezing wraith comes into view.
The small abomination barely misses you.
The small abomination attacks as you move away!
The small abomination hits you but does no damage.
A starcursed mass comes into view.
You scream at the starcursed mass!
You hear a bark!
The small abomination attacks as you move away!
The small abomination hits you!
You feel threatened and lose the ability to read scrolls!
* * * LOW HITPOINT WARNING * * *
The freezing wraith hits you but does no damage.
The freezing wraith hits you!
You die...

# ..###.#.#...... .
..##...#.## ###.....##
......#...#...#... #.#
..#.... .##.#....#...
. #... #...#..... #.
#..####X...###.#..# #
#...#.#.##..#.##x
##...*..# ..#.....
#@xx.#.....#.#.... #
#.W#...#...#..#.##..
....##...#.........#..
#.##. ##.....##..##.#
.. # .....## ..... #
§##....# #.. . .......
#. .##..#


You could see a starcursed mass, a wretched star, a freezing wraith and 2 small
abominations.

Vanquished Creatures
  Crazy Yiuf (D:3)
  4 adders
  A worm (D:2)
  3 dart slugs
  5 orcs
  7 bats
  5 endoplasms
  A giant cockroach (D:3)
  4 goblins
  9 hobgoblins
  4 jackals (D:1)
  3 quokkas
  3 ball pythons
  5 frilled lizards
  6 kobolds
  9 rats
70 creatures vanquished.

Notes
Turn   | Place    | Note
-------+----------+-------------------------------------------
     0 | D:1      | Arzdou the Gargoyle Fighter began the quest for the Orb.
     0 | D:1      | Reached XP level 1. HP: 14/14 MP: 1/1
   127 | D:1      | Reached XP level 2. HP: 18/19 MP: 2/2
   428 | D:1      | Reached XP level 3. HP: 24/24 MP: 3/3
  1016 | D:2      | Reached XP level 4. HP: 26/29 MP: 4/4
  1111 | D:2      | Reached skill level 3 in Maces & Flails
  1817 | D:3      | Found a one-way gate to the infinite horrors of the Abyss.
  1846 | D:3      | Found a faded altar of an unknown god.
  1980 | D:2      | Reached XP level 5. HP: 33/33 MP: 5/5
  2054 | D:3      | Found a basalt altar of Yredelemnul.
  2125 | D:3      | Found a runed translucent door.
  2126 | D:3      | Noticed Crazy Yiuf
  2160 | D:3      | Found a large runed translucent door.
  2160 | D:3      | Found a large runed translucent door.
  2161 | D:3      | Found a corrupted altar of Lugonu.
  2439 | D:3      | Killed Crazy Yiuf
  2440 | D:3      | Reached skill level 4 in Maces & Flails
  2561 | Abyss:1  | Cast into level 1 of the Abyss (kobold)
  2590 | Abyss:1  | Noticed a small abomination
  2612 | Abyss:1  | Noticed a small abomination
  2634 | Abyss:1  | Noticed a wretched star
  2639 | Abyss:1  | Noticed a freezing wraith
  2641 | Abyss:1  | Noticed a starcursed mass
  2642 | Abyss:1  | Mangled by a freezing wraith

Illustrated notes

Levels and vault maps discovered:
D:1:      heliophobic_arrival_battle_scene, layout_basic, minmay_quantized
D:2:      layout_loops_ring, grunt_decor_clamped
D:3:      due_chaos_kobolds, layout_rooms, yredelemnul_altar_generic,
          shapermc_ecumenical_altar_notcrosses, uniq_crazy_yiuf_cottage
Abyss:1:  base: D:3, minivault_28

Skill      XL: |  1  2  3  4  5 |
---------------+----------------+-----
Maces & Flails | 3 4 |  4.1
Fighting       | |  3.9
Armour         | |  3.9
Shields        | |  3.8

Action                     |  1- 3 |  4- 6 || total
---------------------------+-------+-------++-------
  Melee: Flail             |   129 |   125 ||   254
    Use: Potion            |       |     1 ||     1
 Armour: Plate armour      |   131 |   125 ||   256
  Dodge: Dodged            |    49 |    47 ||    96
  Block: Buckler           |    27 |    31 ||    58

Table legend: (Time is in decaauts)
 A = Elapsed time spent in this place.
 B = Non-inter-level travel time spent in this place.
 C = Inter-level travel time spent in this place.
 D = Time resting spent in this place.
 E = Time spent auto-exploring this place.
 F = Levels seen in this place.
 G = Mean time per level.
                   A        B        C        D        E       F      G
               +--------+--------+--------+--------+--------+-----+--------+
         Total |   2709 |   2644 |     65 |     86 |   1836 |   4 |  677.2 |
       Dungeon |   2628 |   2563 |     65 |     86 |   1836 |   3 |  876.0 |
         Abyss |     81 |     81 |      0 |      0 |      0 |   1 |   81.0 |
               +--------+--------+--------+--------+--------+-----+--------+

Top non-repeatable levels by time:
     D:2: 1038 daAuts
     D:3: 800 daAuts
     D:1: 788 daAuts
 Abyss:1: 81 daAuts
